Match 41028523
Unlisted

Match 41028523
End
Construct Barracks
Selects Heavy Weapons
Riflemen Squad
Riflemen Squad
Grenade Package
Riflemen Squad
Riflemen Squad
Selects Assault Carriers
Infantry Support Center
Munitions Surplus
M1918 Browning Automatic Rifles
Selects Exchangeable Parts
Construct Medical Station
Construct Motor Pool
Riflemen Squad
M1 Mortar Team
M24 Chaffee Light Tank
petslore
Tea Cup
burchbeer92
blackpanther989
ValiantHawk
Yikers
◈S.A.SBro◈
Komrad Dyatlov
0
0

Comments sign in to comment!

No comments posted yet!